 Dungeon Crawl Stone Soup version 0.19.0-2-gae57169 (webtiles) character file.

469 Bsssss the Sneak (level 7, -1/47 HPs)
             Began as an Octopode Assassin on Nov 2, 2016.
             Was a Follower of Dithmenos.
             Slain by a giant cockroach (2 damage)
             ... on level 5 of the Dungeon.
             The game lasted 00:14:44 (3948 turns).

Bsssss the Sneak (Octopode Assassin)                Turns: 3948, Time: 00:14:48

Health: -1/47      AC:  1    Str: 10    XL:     7   Next: 9%
Magic:  7/7        EV: 12    Int: 14    God:    Dithmenos [*.....]
Gold:   296        SH:  7    Dex: 15    Spells: 0 memorised, 6 levels left

rFire  . . .     SeeInvis .     a - +2 dagger
rCold  + + .     Gourm    .     B - +0 shield
rNeg   . . .     Faith    .     (helmet restricted)
rPois  .         Spirit   .     (no amulet)
rElec  .         Reflect  .     x - ring of wizardry
rCorr  .         Harm     .     D - ring of protection from cold
MR     +....     Rnd*Rage +     (no ring)
Stlth  ++++++....               (no ring)
                                (no ring)
                                (no ring)
                                (no ring)
                                (no ring)

@: wreathed by umbra
A: almost no armour, stealthy swim, amphibious, 8 rings, constrict 8, camouflage
1, berserk 1, cold resistance 1, magic resistance 1, gelatinous body 1
a: Renounce Religion


You were on level 5 of the Dungeon.
You worshipped Dithmenos.
Dithmenos was aware of your devotion.
You were not hungry.

You visited 1 branch of the dungeon, and saw 5 of its levels.

You collected 296 gold pieces.

Inventory:

Hand Weapons
 a - a +2 dagger (weapon)
 b - a +0 blowgun
 e - a +1 short sword of draining
 g - a +0 hunting sling
Missiles
 c - 28 poisoned needles
 d - 2 curare-tipped needles
 h - 194 stones (quivered)
 o - 27 bolts
 q - 25 arrows
 r - 16 sling bullets
Armour
 B - a +0 shield (worn)
Jewellery
 x - a ring of wizardry (left tentacle)
 D - a ring of protection from cold (right tentacle)
Scrolls
 k - 3 scrolls of teleportation {unknown}
 l - a scroll of amnesia {unknown}
 t - a scroll of enchant armour {unknown}
 y - a scroll of recharging {unknown}
 C - a scroll of identify
Potions
 n - a potion of haste
 p - a potion of mutation
 s - a potion of beneficial mutation {unknown}
 u - a potion of ambrosia {unknown}
 v - a potion of brilliance {unknown}
 w - 2 potions of berserk rage {unknown}
 A - a potion of curing {unknown}
Books
 z - a book of Maledictions

   Spells                             Type                      Level
   a - Corona                         Hexes                        1
   b - Ensorcelled Hibernation        Hexes/Ice                    2
   c - Confuse                        Hexes                        3
   d - Tukima's Dance                 Hexes                        3
   e - Dazzling Spray                 Conjuration/Hexes            3
Comestibles
 f - 2 bread rations
 j - 3 fruits
 m - a meat ration
 E - 4 chunks of flesh


   Skills:
 + Level 3.8 Fighting
 + Level 3.7 Short Blades
 - Level 2.0 Throwing
 + Level 3.7 Dodging
 + Level 7.5 Stealth
 * Level 1.0 Shields


You had 6 spell levels left.
You didn't know any spells.

Dungeon Overview and Level Annotations

Branches:
Dungeon (5/15)
 Temple: D:4-7

Altars:
Cheibriados
Dithmenos
Hepliaklqana
Sif Muna


Innate Abilities, Weirdness & Mutations

You cannot wear most types of armour.
You are very stealthy in the water. (Stealth+)
You are amphibious.
You can wear up to eight rings at the same time.
You can use your tentacles to constrict eight enemies at once.
Your skin changes colour to match your surroundings (Stealth+).
Your rubbery body absorbs attacks. (AC +1, EV +1)
You tend to lose your temper in combat.
Your flesh is cold resistant. (rC+)
You are resistant to hostile enchantments. (MR+)


Message History

The giant cockroach closely misses you.
You release your grip on the shadow imp.
You block the bullfrog zombie's attack. The giant cockroach bites you.
* * * LOW HITPOINT WARNING * * *
The bullfrog zombie hits you.
* * * LOW HITPOINT WARNING * * *
Unknown command.
It was a potion of mutation.
You feel extremely strange.
You feel resistant to cold.
You feel resistant to hostile enchantments.
You feel a little pissed off.
The giant cockroach bites you but does no damage.
The orc closely misses you. The bullfrog zombie misses you.
It was a potion of magic.
Magic courses through your body. The giant cockroach bites you.
* * * LOW HITPOINT WARNING * * *
You block the bullfrog zombie's attack. You block the orc's attack.
The shadow imp misses you. The orc barely misses you.
The giant cockroach bites you.
You die...

###########
###.......#.##
##............##
.#..............#
#.......!5......##
#........Z@......#
#........oso....##
#..............#
#....)......####
#........#####
#..##...## #.
##..# . ##.. #..


You could see a shadow imp, 2 orcs, a bullfrog zombie and a giant cockroach.

Vanquished Creatures
  An ogre (D:4)
  A scorpion (D:4)
  An orc priest (D:5)
  A bullfrog skeleton (D:4)
  A hound (D:4)
  2 orc wizards
  A worker ant (D:4)
  A howler monkey skeleton (D:4)
  3 gnolls (D:2)
  3 adders
  3 oozes
  2 adder skeletons (D:4)
  3 worms (D:3)
  2 dart slugs
  3 leopard geckos
  6 orcs
  8 bats
  10 giant cockroaches
  9 goblins
  4 hobgoblins
  4 kobolds
  2 ball pythons
  6 frilled lizards
  6 rats
83 creatures vanquished.

Notes
Turn   | Place    | Note
-------+----------+-------------------------------------------
     0 | D:1      | Bsssss the Octopode Assassin began the quest for the Orb.
     0 | D:1      | Reached XP level 1. HP: 14/14 MP: 1/1
   219 | D:1      | Reached XP level 2. HP: 13/19 MP: 2/2
   505 | D:1      | Reached XP level 3. HP: 25/25 MP: 3/3
   948 | D:2      | Found a shadowy altar of Dithmenos.
   961 | D:2      | Became a worshipper of Dithmenos the Shadowed
  1098 | D:2      | Reached skill level 6 in Stealth
  1188 | D:2      | Reached XP level 4. HP: 20/30 MP: 4/4
  1369 | D:2      | Found a deep blue altar of Sif Muna.
  1596 | D:2      | Found a hazy altar of Hepliaklqana.
  1596 | D:2      | Found a snail-covered altar of Cheibriados.
  2076 | D:3      | Reached * piety under Dithmenos
  2156 | D:3      | Reached XP level 5. HP: 36/36 MP: 5/5
  2901 | D:4      | Noticed an ogre
  2908 | D:4      | Killed an ogre
  2917 | D:4      | Reached XP level 6. HP: 42/42 MP: 6/6
  3080 | D:4      | Reached skill level 7 in Stealth
  3930 | D:5      | Entered Level 5 of the Dungeon
  3935 | D:5      | Reached XP level 7. HP: 47/47 MP: 7/7
  3941 | D:5      | Reached skill level 1 in Shields
  3946 | D:5      | HP: 2/47 [bullfrog zombie (3)]
  3947 | D:5      | Gained mutation: Your flesh is cold resistant. (rC+) [potion of mutation]
  3947 | D:5      | Gained mutation: You are resistant to hostile enchantments. (MR+) [potion of mutation]
  3947 | D:5      | Gained mutation: You tend to lose your temper in combat. [potion of mutation]
  3948 | D:5      | Slain by a giant cockroach

Skill      XL: |  1  2  3  4  5  6  7 |
---------------+----------------------+-----
Dodging        | 2 3 |  3.7
Stealth        | 6 7 |  7.5
Fighting       | 3 |  3.8
Short Blades   | 3 |  3.7
Shields        | 1 |  1.0
Throwing       | |  2.0

Action                   |  1- 3 |  4- 6 |  7- 9 || total
-------------------------+-------+-------+-------++-------
Melee: Dagger            |    60 |   106 |     8 ||   174
       Constrict         |    14 |    21 |     2 ||    37
       Tentacles         |    10 |    17 |     1 ||    28
  Use: Scroll            |     4 |     2 |       ||     6
       Potion            |       |     1 |     2 ||     3
 Stab: Sleeping          |     8 |    16 |       ||    24
       Distracted        |     1 |     1 |       ||     2
  Eat: Chunk             |     1 |     6 |       ||     7
       Bread ration      |       |     1 |       ||     1
Armor: Skin              |     4 |     8 |     2 ||    14
Dodge: Dodged            |    27 |    51 |    22 ||   100
Block: Shield            |       |     2 |    10 ||    12
